 Dungeon Crawl Stone Soup version 0.30.0-29-ga12c61a403 (webtiles) character file.

Game seed: 926307022135944442

122 hawla the Firebug (level 5, -13/38 HPs)
             Began as a Meteoran Fire Elementalist on June 12, 2023.
             Mangled by an ogre
             ... wielding a +0 giant spiked club
              (27 damage)
             ... on level 4 of the Dungeon.
             The game lasted 00:02:35 (228 turns).

hawla the Firebug (Meteoran Fire Elementalist)       Turns: 228, Time: 00:02:36

Health: -13/38     AC:  2    Str:  9    XL:     5   Next: 53%
Magic:  3/12       EV: 13    Int: 18    God:
Gold:   12         SH:  0    Dex: 15    Spells: 9/12 levels left

rFire   . . .        d - +0 morningstar
rCold   . . .        (no shield)
rNeg    . . .        a - +0 robe
rPois   .            (no helmet)
rElec   .            (no cloak)
rCorr   .            (no gloves)
SInv    .            (no boots)
Will    .....        (no amulet)
Stlth   +            (no ring)
HPRegen 0.26/turn    (no ring)
MPRegen 0.13/turn

%: no passive effects
@: glowing
A: sense surroundings 1, otherworldly, glowing, explore regen
a: no special abilities


You were on level 4 of the Dungeon.
You visited 1 branch of the dungeon, and saw 4 of its levels.

You collected 12 gold pieces.

Inventory:

Hand Weapons
 d - a +0 morningstar (weapon)
Armour
 a - a +0 robe (worn)
Potions
 b - a potion of magic


   Skills:
 + Level 3.0 Dodging
 - Level 1.4 Stealth
 + Level 4.0 Spellcasting
 + Level 1.7 Conjurations
 + Level 5.5 Fire Magic


You had 9 spell levels left.
You knew the following spells:

 Your Spells              Type           Power      Damage    Failure   Level
a - Foxfire               Conj/Fire      64%        2x1d7     3%          1
b - Scorch                Fire           46%        2d6       2%          2

Your spell library contained the following spells:

 Spells                   Type           Power      Damage    Failure   Level
 Inner Flame              Hex/Fire       13%        N/A       14%         3
 Volatile Blastmotes      Fire/Tloc      26%        2d12      14%         3
 Flame Wave               Conj/Fire      16%        2d7       32%         4


Dungeon Overview and Level Annotations

Branches:
Dungeon (4/15) Zot: 2172
 Temple: D:4-7

Altars:


Innate Abilities, Weirdness & Mutations

You passively map a small area around you.
You are easily found by Zot.
You glow in the dark.
You regain HP and MP as you explore.


Message History

The scorpion attacks as you move away! The scorpion stings you.
You hear the slow rusting of a distant drain.
The scorpion attacks as you move away! The scorpion barely misses you.
The scorpion attacks as you move away!
The scorpion stings you but does no damage. x2
Casting: Scorch (safe; 3% risk of failure)
Confirm with . or Enter, or press ? or * to list all spells.
Flames lash the scorpion.
The scorpion is burned terribly!
You kill the scorpion!
You hear a shout!
An ogre comes into view. It is wielding a +0 giant spiked club.
Your Dodging skill increases to level 3!
Your Spellcasting skill increases to level 4!
You have reached level 5!
Casting: Scorch (safe; 2% risk of failure)
Confirm with . or Enter, or press ? or * to list all spells.
You conjure some foxfire!
The ogre hits you with a +0 giant club!
The foxfire hits the ogre.
The ogre is lightly wounded.
The foxfire hits the ogre.
The ogre is moderately wounded.
Casting: Foxfire (safe; 3% risk of failure)
Confirm with . or Enter, or press ? or * to list all spells.
You conjure some foxfire!
The ogre hits you with a +0 giant club!
* * * LOW HITPOINT WARNING * * *
The foxfire hits the ogre.
The ogre is moderately wounded.
The foxfire hits the ogre.
The ogre is moderately wounded.
Casting: Foxfire (safe; 3% risk of failure)
Confirm with . or Enter, or press ? or * to list all spells.
You conjure some foxfire!
Your foxfire dissipates!
The foxfire hits the ogre.
The ogre is heavily wounded.
You aren't carrying any scrolls.
It was a potion of curing.
You feel better. The ogre misses you.
The ogre hits you with a +0 giant spiked club!!
Ouch! That really hurt!
You die...

# #......... #######
#..........#
#.....###.$........#
#.....#............#
#.....#............#
......#............#
......#....##.....######
*
...........##...§.......
............†..O@.......
, ,
).....#....##...O.......
......#....##.....######
, ......#######.....# ,
......# #.....# * ,
....### #.....# , ,
###.# #.....# , # #.#
#.....# , , .,#<# , , ,
, *


You could see 2 ogres.

Vanquished Creatures
  A scorpion (D:4)
  An orc wizard (D:4)
  2 adders (D:2)
  An ufetubus (D:4)
  2 orcs (D:4)
  A bat (D:2)
  3 endoplasms
  2 kobolds
  A ball python (D:2)
  A rat (D:3)
15 creatures vanquished.

Vanquished Creatures (others)
  35 foxfires
35 creatures vanquished.

Grand Total: 50 creatures vanquished

Notes
Turn   | Place    | Note
-------+----------+-------------------------------------------
     0 | D:1      | hawla the Meteoran Fire Elementalist began the quest for
                  | the Orb.
     0 | D:1      | Reached XP level 1. HP: 14/14 MP: 5/5
    45 | D:2      | Reached skill level 4 in Fire Magic
    45 | D:2      | Reached XP level 2. HP: 20/20 MP: 2/6
    63 | D:2      | Reached XP level 3. HP: 26/26 MP: 4/8
    66 | D:2      | Learned a level 2 spell: Scorch
   180 | D:4      | Reached skill level 5 in Fire Magic
   180 | D:4      | Reached XP level 4. HP: 33/33 MP: 5/10
   212 | D:4      | Noticed an ogre
   212 | D:4      | Noticed a scorpion
   221 | D:4      | Killed a scorpion
   221 | D:4      | Noticed an ogre
   222 | D:4      | Reached XP level 5. HP: 28/38 MP: 5/12
   228 | D:4      | Mangled by an ogre

Illustrated notes

Levels and vault maps discovered:
D:1:      dpeg_arrival_windows_large_door, layout_basic
D:2:      layout_loops_ring, basic_altar
D:3:      cheibrodos_fertilizer, layout_basic,
          hellmonk_ecumenical_altar_arch_garden, uniq_ijyb
D:4:      layout_basic, old_standard_altar, portal_sewer_entry_f, uniq_natasha

Skill      XL: |  1  2  3  4 |
---------------+-------------+-----
Fire Magic     | 4 5 |  5.5
Spellcasting   | 3 4 |  4.0
Dodging        | 3 |  3.0
Stealth        | |  1.4
Conjurations   | |  1.7

Action                     |  1- 3 |  4- 6 || total
---------------------------+-------+-------++-------
  Melee: Unarmed           |     2 |     1 ||     3
   Cast: Foxfire           |    16 |     6 ||    22
         Scorch            |     4 |     5 ||     9
    Use: Scroll            |       |     1 ||     1
         Potion            |       |     1 ||     1
 Armour: Robe              |     1 |     2 ||     3
  Dodge: Dodged            |     4 |     6 ||    10
